Cogmind - Beta 10.2 @@@ ROGUE MODE // 2021.06.06 @ 04:27:46 Player: the cat Result: Escaped! Performance ------------- Evolutions (9) 4500 Regions Visited (24) 4800 Robots Destroyed (565) 2825 Value Destroyed (28903) 28903 Prototype IDs (48) 960 Alien Tech Used (1) 200 Bonus (17274) 17274 TOTAL SCORE: 59462 Bonus ------- High Alert Combat Kills 7642 Follower Combat Kills 1864 Entered Garrisons 200 Used RIF Installer 500 Met Zhirov 300 Scanned by Researcher 500 Acquired SGEMP 2000 Delivered SGEMP 2000 Win 3000 Friendly Fire -732 Cogmind --------- Core Integrity 1255/1600 Matter 172/600 Energy 176/190 System Corruption 14% Temperature Cool (6) Movement Treading (160) Location To Epsilon Eridani Parts ------- > --- POWER (1) -------- Light Quantum Reactor > --- PROPULSION (4) --- Enhanced Armored Heavy Treads Enhanced Armored Heavy Treads > --- UTILITY (16) ----- Experimental Heat Sink Large Storage Unit High-capacity Storage Unit High-capacity Storage Unit Improved Matter Compressor Enhanced Optical Array Advanced Targeting Computer Advanced Targeting Computer Advanced Target Analyzer Experimental Armor Integrity Analyzer Improved Weapon Cycler Makeshift Transmission Jammer Layered Medium Armor Plating Layered Medium Armor Plating > --- WEAPON (4) ------- KE Penetrator Multirail Multirail Multirail > --- INVENTORY (26) --- Light Particle Reactor Quantum Reactor Advanced Heavy Siege Treads Advanced Heavy Siege Treads Advanced Heavy Siege Treads Advanced Coolant Injector Energy Well (500) Matter Compressor (65) Structural Scanner Relay Coupler [NC] (27) Long-range Tractor Beam Transdimensional Reconstructor High-powered Shock Rifle Cooled Nova Cannon Heavy Machine Gun Heavy Machine Gun Heavy Machine Gun KE Penetrator KE Penetrator Missile Launcher Advanced Remote Datajack Peak State ------------ > --- POWER ------------ Light Quantum Reactor > --- PROPULSION ------- Enhanced Armored Heavy Treads Enhanced Armored Heavy Treads > --- UTILITY ---------- Experimental Heat Sink Large Storage Unit High-capacity Storage Unit High-capacity Storage Unit Improved Matter Compressor Structural Scanner Enhanced Optical Array Advanced Targeting Computer Advanced Targeting Computer Advanced Target Analyzer Experimental Armor Integrity Analyzer Improved Weapon Cycler Makeshift Transmission Jammer Layered Medium Armor Plating Layered Medium Armor Plating Long-range Tractor Beam > --- WEAPON ----------- Cooled Nova Cannon Multirail Multirail Multirail > --- INVENTORY -------- Light Particle Reactor Quantum Reactor Advanced Heavy Siege Treads Advanced Heavy Siege Treads Advanced Heavy Siege Treads Advanced Coolant Injector Energy Well Matter Compressor Relay Coupler [NC] Transdimensional Reconstructor High-powered Shock Rifle Heavy Machine Gun Heavy Machine Gun Heavy Machine Gun KE Penetrator KE Penetrator KE Penetrator Missile Launcher Advanced Remote Datajack [Rating: 184] Favorites ----------- Power Light Antimatter Reactor Engine Improved Deuterium Engine Power Core Light Nuclear Core Reactor Light Antimatter Reactor Propulsion Light Treads Treads Light Treads Leg Carbon-fiber Leg Wheel Armored Wheel Flight Unit Xenon Bombardment Thruster Utility High-capacity Storage Unit Device Advanced Cooling System Storage High-capacity Storage Unit Processor Advanced Targeting Computer Hackware Relay Coupler [NC] Protection Improved Light Armor Plating Weapon Coil Gun Energy Gun Plasma Rifle Energy Cannon Cooled Nova Cannon Ballistic Gun Coil Gun Ballistic Cannon Battle Cannon Launcher Missile Launcher Special Weapon Advanced Remote Datajack Build | -11 -10 -9 -8 -7 -7 -6 -6 -6 -6 -6 -6 -6 -5 -5 -5 -4 -4 -4 -4 -3 -3 -3 -2 -1 ------- Run | Scr Mat Mat Mat Fac Gar Fac Was Fac Ext Cet Arc Hub Fac Was Fac Fac Upp Upp Zhi Pro Res Tes Res Acc Slots Evolved 18 | . . 2 2 2 . 2 . . . . . . 2 . . 2 . . . . 2 . 2 2 Power . | . . . . . . . . . . . . . . . . . . . . . . . . . Propulsion 2 | . . . 1 1 . . . . . . . . . . . . . . . . . . . . Utility 14 | . . 2 1 1 . . . . . . . . 2 . . 2 . . . . 2 . 2 2 Weapon 2 | . . . . . . 2 . . . . . . . . . . . . . . . . . . Parts Attached 675 | 6 10 19 31 18 24 42 9 16 43 12 7 19 29 17 33 37 6 1 10 14 32 80 92 68 Power 45 | 1 2 4 6 3 3 4 . 2 . 2 . . 2 . 2 2 1 . 2 . 3 2 1 3 Engine 24 | 1 1 3 6 3 1 4 . 2 . 1 . . 1 . 1 . . . . . . . . . Core 5 | . 1 1 . . 2 . . . . . . . . . . 1 . . . . . . . . Reactor 16 | . . . . . . . . . . 1 . . 1 . 1 1 1 . 2 . 3 2 1 3 Propulsion 98 | 2 3 3 11 6 11 12 5 1 3 3 . . 2 1 2 3 . . 2 2 7 7 6 6 Treads 84 | 1 2 2 10 6 11 6 3 1 3 3 . . 2 1 2 3 . . 1 2 7 6 6 6 Leg 9 | . . . . . . 6 2 . . . . . . . . . . . 1 . . . . . Wheel 4 | 1 1 1 1 . . . . . . . . . . . . . . . . . . . . . Hover . | . . . . . . . . . . . . . . . . . . . . . . . . . Flight 1 | . . . . . . . . . . . . . . . . . . . . . . 1 . . Utility 274 | 1 2 5 7 6 2 8 3 6 19 5 4 12 11 4 20 18 4 1 5 6 11 41 49 24 Device 132 | . . . . . . 1 . 1 7 2 3 1 7 2 11 12 3 1 2 2 3 26 34 14 Storage 25 | 1 2 1 2 1 . . 1 2 3 . . . . . 2 . . . 1 . 3 2 2 2 Processor 27 | . . . 1 3 . . . . 2 . . . 1 . 2 2 1 . . 1 1 2 7 4 Hackware 14 | . . . 1 . . . . 1 . . . 2 2 . . . . . 1 2 2 . 3 . Protection 76 | . . 4 3 2 2 7 2 2 7 3 1 9 1 2 5 4 . . 1 1 2 11 3 4 Artifact . | . . . . . . . . . . . . . . . . . . . . . . . . . Weapon 258 | 2 3 7 7 3 8 18 1 7 21 2 3 7 14 12 9 14 1 . 1 6 11 30 36 35 Energy Gun 33 | . . . . . . . . . 2 . . . 3 3 . . . . . . 6 6 11 2 Energy Cannon 22 | . . . . . . . . 1 1 . . . 1 . 1 . . . . 1 . 4 3 10 Ballistic Gun 166 | 2 3 7 6 3 7 13 1 6 13 2 3 6 5 5 8 14 1 . 1 5 4 19 11 21 Ballistic Cannon 4 | . . . . . . . . . . . . . . 2 . . . . . . 1 1 . . Launcher 14 | . . . 1 . 1 4 . . 4 . . . 1 1 . . . . . . . . . 2 Special Weapon 19 | . . . . . . 1 . . 1 . . 1 4 1 . . . . . . . . 11 . Impact Weapon . | . . . . . . . . . . . . . . . . . . . . . . . . . Slashing Weapon . | . . . . . . . . . . . . . . . . . . . . . . . . . Piercing Weapon . | . . . . . . . . . . . . . . . . . . . . . . . . . Special Melee Weapon . | . . . . . . . . . . . . . . . . . . . . . . . . . Unidentified Prototypes 36 | . . 1 1 . . . . 1 1 3 . . . . 1 1 . . 6 . 2 13 2 4 Parts Lost 193 | . . 11 6 13 19 25 . 1 10 1 . 4 20 . 3 18 2 . . 10 12 14 7 17 Power 20 | . . 3 1 3 3 2 . . . . . . 2 . . 2 1 . . . . . . 3 Propulsion 41 | . . 1 1 5 9 10 . . 1 1 . . 2 . 2 2 . . . 2 3 . 1 1 Utility 56 | . . 2 2 2 1 3 . 1 3 . . 2 5 . 1 9 1 . . 4 2 7 3 8 Weapon 76 | . . 5 2 3 6 10 . . 6 . . 2 11 . . 5 . . . 4 7 7 3 5 Highest Loss Streak 13 | . . 3 1 4 8 8 . 1 3 1 . 1 13 . 3 11 1 . . 7 3 3 3 11 Average Slot Usage (%) 87 | . 98 99 99 99 98 93 86 85 90 85 84 84 74 68 76 84 87 89 88 87 80 84 79 79 Engine 3 | . 9 8 8 6 1 5 6 6 6 5 6 6 2 5 2 1 . . . . . . . . Reactor 1 | . . . . . . . . . . . . . 2 . 2 2 5 5 5 5 4 4 4 3 Treads 14 | . 14 11 23 29 28 15 8 13 17 14 13 13 10 11 11 10 10 10 9 10 9 10 8 7 Wheel 1 | . 14 11 3 . . . . . . . . . . . . . . . . . . . . . Device 7 | . . . . . . . . . 7 4 5 5 6 5 5 15 15 20 16 13 14 13 14 18 Storage 19 | . 27 33 27 23 23 20 20 20 20 20 20 20 17 17 17 15 15 15 15 14 10 14 13 12 Processor 8 | . . . 8 15 15 13 13 13 6 6 6 1 3 . . 4 8 5 5 5 5 11 13 16 Hackware 2 | . . . . . . . . 3 . . . . 1 5 5 5 5 5 6 9 12 3 2 . Protection 5 | . . 10 8 6 7 5 6 2 4 6 5 9 8 4 5 6 5 5 7 5 3 5 5 4 Ballistic Gun 19 | . 28 21 17 15 14 24 21 25 25 26 25 25 15 6 22 20 21 21 21 20 14 15 14 14 Naked Turns . | . . . . . . . . . . . . . . . . . . . . . . . . . Heaviest Build 186 | 12 59 80 102 104 103 109 112 119 127 126 121 157 133 151 162 122 117 117 118 119 145 169 183 186 Greatest Support 160 | 20 20 20 84 104 90 80 140 140 130 160 160 160 160 160 150 140 140 140 140 140 140 150 150 160 Greatest Overweight (x) 33 | 1 4 6 6 1 1 33 1 . 2 1 . . . 1 1 . . . 1 . 1 1 1 1 Average Overweight (x) 1 | . 2 5 2 . 1 1 . . . . . . . . . . . . . . . . 1 . Largest Inventory Capacity 34 | 6 18 24 26 26 26 26 26 34 26 26 26 26 26 26 30 24 24 24 24 24 26 28 28 28 Average Capacity 25 | 4 16 24 25 26 26 26 26 26 26 26 26 26 26 26 25 24 24 24 24 23 20 27 28 27 Most Carried 28 | 5 18 24 26 26 26 24 26 26 26 26 26 26 24 26 26 24 24 23 24 24 26 28 28 28 Average Carried 23 | 2 13 19 24 24 21 19 24 25 25 25 25 24 17 21 24 22 23 23 23 22 17 26 27 25 Final Capacity 28 | 6 18 24 26 26 26 26 26 26 26 26 26 26 26 26 24 24 24 24 24 16 26 28 28 26 Final Carried 28 | 4 18 24 26 26 24 23 26 26 26 26 26 22 13 26 23 24 23 23 24 16 24 27 28 24 Class Distribution -------------------- 42% | Scavenger-Gunner 21% | Hauler-Mutant 14% | Hauler-Gunner 5% | Hauler-Tank 4% | Scavenger-Tank 4% | Scavenger-Mutant 3% | Mutant Dominant Class ---------------- Mutant | -10/Materials Hauler-Mutant | -9/Materials Hauler-Mutant | -8/Materials Hauler-Mutant | -7/Factory Hauler-Mutant | -7/Garrison Scavenger-Gunner | -6/Factory Hauler-Gunner | -6/Waste Hauler-Gunner | -6/Factory Hauler-Gunner | -6/Extension Scavenger-Gunner | -6/Cetus Scavenger-Gunner | -6/Archives Scavenger-Tank | -6/Hub_04(d) Scavenger-Tank | -5/Factory Scavenger-Mutant | -5/Waste Hauler-Tank | -5/Factory Scavenger-Gunner | -4/Factory Scavenger-Gunner | -4/Upper Caves Scavenger-Gunner | -4/Upper Caves Scavenger-Gunner | -4/Zhirov Scavenger-Gunner | -3/Proximity Caves Hacker-Gunner | -3/Research Scavenger-Gunner | -3/Testing Scavenger-Gunner | -2/Research Scavenger-Gunner | -1/Access Resources | -11 -10 -9 -8 -7 -7 -6 -6 -6 -6 -6 -6 -6 -5 -5 -5 -4 -4 -4 -4 -3 -3 -3 -2 -1 ----------- Run | Scr Mat Mat Mat Fac Gar Fac Was Fac Ext Cet Arc Hub Fac Was Fac Fac Upp Upp Zhi Pro Res Tes Res Acc Matter Collected 27338 | 215 341 955 1251 732 918 2115 103 914 1894 457 323 696 1397 357 1281 1873 350 14 . 746 1180 2956 3832 2438 Remotely 5454 | . . . . . . . . . . . . . 260 . 213 669 . . . . . 1009 1765 1538 Salvage Created 32509 | . 488 1518 2077 1005 1168 2354 . 1067 1503 355 337 903 2359 499 1387 2736 505 . . 1368 1816 3385 3649 2030 Parts 1537 | . 31 88 117 48 69 101 . 53 70 18 15 43 102 15 50 144 19 . . 49 96 150 165 94 Haulers Intercepted 13 | . 2 4 4 . . . . . . . . . 1 . 1 1 . . . . . . . . Recyclers Shooed 15 | . . 1 . . . 1 . 2 . . . . 2 . 2 1 . . . . 1 1 1 3 Parts Field Recycled 1 | . . . . . . . . . . . . . . . . . . . . . . . 1 . Retrieved Matter 5 | . . . . . . . . . . . . . . . . . . . . . . . 5 . Parts Self-Destructed 75 | . . . . . . . . . . . . . . . . . 22 . . 53 . . . . Prevented . | . . . . . . . . . . . . . . . . . . . . . . . . . Kills | -11 -10 -9 -8 -7 -7 -6 -6 -6 -6 -6 -6 -6 -5 -5 -5 -4 -4 -4 -4 -3 -3 -3 -2 -1 ------- Run | Scr Mat Mat Mat Fac Gar Fac Was Fac Ext Cet Arc Hub Fac Was Fac Fac Upp Upp Zhi Pro Res Tes Res Acc Combat Hostiles Destroyed 490 | . 11 30 38 18 28 38 . 18 27 6 4 16 32 . 14 45 10 . . 16 23 43 47 26 Guns 472 | . 11 30 35 18 26 36 . 18 24 6 4 16 29 . 14 44 10 . . 16 22 43 46 24 Cannons 2 | . . . . . . . . . . . . . 1 . . . . . . . . . . 1 AOE 16 | . . . 3 . 2 2 . . 3 . . . 2 . . 1 . . . . 1 . 1 1 Classes Destroyed 22 | . 3 4 3 1 . 4 . . 2 . . . . . . . . . . . . 4 1 . Worker 16 | . . 1 2 1 . 1 . . 1 . . . 5 . 1 2 . . . . . 1 1 . Builder 12 | . . 1 . . . 2 . . . . . 1 5 . . . . . . . . 2 1 . Tunneler 1 | . . . . . . . . . . . . . . . . . . . . . . . 1 . Hauler 13 | . 2 4 4 . . . . . . . . . 1 . 1 1 . . . . . . . . Recycler 16 | . . 1 1 1 . 2 . . . . . . 2 . 3 1 . . . . 2 1 1 1 Mechanic 1 | . . . . . . 1 . . . . . . . . . . . . . . . . . . Operator 5 | . . . 2 . . . . . . . 1 . . . . 1 . . . . 1 . . . Watcher 5 | . . . . . . . . . 1 . . 1 . . . 2 . . . . 1 . . . Swarmer 92 | . 3 6 6 4 10 7 . 3 6 1 . 4 . . . 15 5 . . 6 5 5 4 2 Saboteur 3 | . . . . . . 1 . . . . . . . . . . . . . . . 1 1 . Grunt 182 | . 8 15 20 5 9 16 . 6 6 3 . 6 23 . 5 11 2 . . 5 6 15 12 9 Brawler 12 | . . . . . . 2 . 1 3 . . . 1 . . . 1 . . . . 1 3 . Duelist 17 | . . . . . . 2 . 1 3 . . . 1 . . . . . . . . 3 6 1 Protector 3 | . . . 1 . . . . . . . . . . . . . . . . . . . 2 . Researcher 6 | . . . . . . . . . . . . . . . . . . . . . . 6 . . Sentry 75 | . . 9 9 7 5 6 . 5 5 . 4 4 . . 1 6 2 . . 2 1 3 6 . Hunter 38 | . . . 2 1 3 . . 1 2 . . 2 2 . 4 5 . . . 2 3 6 2 3 Programmer 52 | . . . . 1 1 4 . 1 . . . . 5 . 4 8 . . . 1 7 5 8 7 Q-Series 5 | . . . . . . . . . . . . . . . . . . . . . . 1 2 2 Behemoth 6 | . . . . . . . . . 2 . . . . . . . . . . . 1 . 1 2 Cetus Guard 2 | . . . . . . . . . . 2 . . . . . . . . . . . . . . Striker 2 | . . . . . . . . . . . . . . . . . . . . . . 2 . . Alpha 7 1 | . . . . . . . . . . . . . . . . . . . . . . 1 . . Best Kill Streak 14 | . 4 6 5 4 6 6 . 5 6 3 4 4 14 . 3 14 6 . . 9 5 7 7 6 Combat Bots Only 9 | . 4 6 4 4 6 6 . 5 5 3 3 3 6 . 3 9 6 . . 9 5 5 6 5 Max Kills in Single Turn 4 | . 1 2 2 2 2 2 . 2 3 1 1 2 4 . 1 4 2 . . 2 1 2 2 2 Gunslinging 1 | . . 1 1 1 . 1 . . 1 . . 1 . . . 1 . . . 1 . 1 1 1 Exploded 3 | . . . 2 . 2 1 . . 3 . . . 2 . . 1 . . . . 1 . 1 1 Melee . | . . . . . . . . . . . . . . . . . . . . . . . . . Uniques/NPCs Destroyed . | . . . . . . . . . . . . . . . . . . . . . . . . . Combat | -11 -10 -9 -8 -7 -7 -6 -6 -6 -6 -6 -6 -6 -5 -5 -5 -4 -4 -4 -4 -3 -3 -3 -2 -1 -------- Run | Scr Mat Mat Mat Fac Gar Fac Was Fac Ext Cet Arc Hub Fac Was Fac Fac Upp Upp Zhi Pro Res Tes Res Acc Damage Taken 61389 | . 447 2226 2418 2638 3503 3571 . 1522 2934 347 469 1417 5677 . 2227 4820 828 . . 2462 3769 6386 6101 7627 Core 4047 | . 91 302 217 272 326 433 . 73 133 10 73 49 273 . 101 300 53 . . 155 270 353 218 345 Absorbed by Shields 485 | . . . . . 72 . . . 229 161 . . . . . . . . . . 23 . . . Reduced by Siege Mode 4374 | . . . . . . . . 135 231 19 11 78 387 . 88 760 80 . . 506 687 367 337 688 Core Remaining (%) 54 | 100 63 24 60 . 14 . . . . . . 9 . . 62 . . . . 55 . 52 84 78 Volleys Fired 1633 | . 49 115 141 80 82 110 . 42 86 18 13 36 95 15 59 84 18 . . 49 86 149 157 149 Largest 4 | . 2 2 2 2 2 4 . 4 4 4 4 4 4 1 4 4 4 . . 4 4 4 4 4 Hottest 243 | . 46 46 53 53 61 109 . 124 124 128 128 126 166 75 132 126 126 . . 129 215 243 197 195 Shots Fired 4680 | . 98 220 281 158 158 375 1 170 293 73 52 136 274 15 207 315 72 . . 144 284 525 474 355 Gun 4507 | . 98 220 279 158 156 365 1 170 282 73 52 134 255 15 206 315 72 . . 127 284 523 429 293 Cannon 100 | . . . . . . . . . . . . . 10 . 1 . . . . 17 . 2 17 53 Launcher 34 | . . . 2 . 2 9 . . 11 . . . 1 . . . . . . . . . . 9 Special 39 | . . . . . . 1 . . . . . 2 8 . . . . . . . . . 28 . Kinetic 4288 | . 98 220 279 158 156 365 1 170 279 73 52 134 235 . 206 315 72 . . 127 248 438 376 286 Thermal 221 | . . . . . . . . . 3 . . . 30 15 1 . . . . 17 . 59 43 53 Explosive 34 | . . . 2 . 2 9 . . 11 . . . 1 . . . . . . . . . . 9 Electromagnetic 98 | . . . . . . . . . . . . . . . . . . . . . 36 28 27 7 Robot Hit Streak 121 | . 11 19 42 26 37 38 . 29 54 29 29 23 68 19 22 32 17 . . 22 42 53 47 121 Robot Miss Streak 9 | . 4 4 3 2 9 4 1 5 6 7 2 4 4 1 3 4 1 . . 3 3 3 1 2 Penetration Max 2 | . . . . . 1 1 . 2 1 1 1 1 1 . 1 1 1 . . 1 1 1 1 . Secondary Targets 113 | . 3 9 4 2 6 5 . 3 4 2 . 3 8 . 3 11 3 . . 7 4 11 15 10 Max Gunslinging Chain 2 | . 1 1 1 1 1 1 . 1 1 1 . 1 1 . 1 2 1 . . 1 1 2 2 1 Shots Hit Robots 3562 | . 69 144 231 138 134 261 . 131 217 59 46 111 227 12 145 213 51 . . 111 229 404 384 245 Core Hits 1683 | . 23 51 101 45 82 150 . 58 122 45 31 75 159 6 42 104 18 . . 49 82 184 150 106 Critical Hits 245 | . 1 2 1 . 2 10 . 13 3 6 5 8 7 . 10 26 5 . . 15 13 55 24 39 Critical Kills 72 | . . 1 . . 1 4 . 3 1 2 2 . 3 . 4 13 2 . . 6 4 16 4 6 Critical Parts Destroyed 139 | . 1 1 1 . 1 4 . 9 2 4 1 8 4 . 6 13 3 . . 9 7 27 14 24 Melee Attacks . | . . . . . . . . . . . . . . . . . . . . . . . . . Impact . | . . . . . . . . . . . . . . . . . . . . . . . . . Slashing . | . . . . . . . . . . . . . . . . . . . . . . . . . Piercing . | . . . . . . . . . . . . . . . . . . . . . . . . . Sneak Attacks . | . . . . . . . . . . . . . . . . . . . . . . . . . Combat Hostiles . | . . . . . . . . . . . . . . . . . . . . . . . . . Follow-up Attacks . | . . . . . . . . . . . . . . . . . . . . . . . . . Damage Inflicted 79434 | . 834 2159 3629 2379 2500 4923 14 2094 4079 1328 1121 2248 6258 286 3641 6658 1092 . . 2829 4560 8850 10058 7894 Guns 74665 | . 834 2159 3436 2379 2314 4537 14 2094 3862 1328 1121 2248 4999 286 3641 5925 1092 . . 2274 4442 8757 10058 6865 Cannons 1011 | . . . . . . . . . . . . . 295 . . . . . . 555 . . . 161 Explosions 3735 | . . . 185 . 186 371 . . 217 . . . 964 . . 733 . . . . 118 93 . 868 Melee . | . . . . . . . . . . . . . . . . . . . . . . . . . Ramming 23 | . . . 8 . . 15 . . . . . . . . . . . . . . . . . . Kinetic 70790 | . 834 2159 3436 2379 2314 4537 14 2094 3862 1328 1121 2248 4574 . 3641 5925 1092 . . 2274 3855 7546 8692 6865 Thermal 3366 | . . . . . . . . . . . . . 720 286 . 53 . . . 555 118 805 668 161 Explosive 3349 | . . . 185 . 186 371 . . 217 . . . 964 . . 558 . . . . . . . 868 Electromagnetic 1906 | . . . . . . . . . . . . . . . . 122 . . . . 587 499 698 . Impact . | . . . . . . . . . . . . . . . . . . . . . . . . . Slashing . | . . . . . . . . . . . . . . . . . . . . . . . . . Piercing . | . . . . . . . . . . . . . . . . . . . . . . . . . Highest Corruption 17 | . . . . 3 4 6 6 8 8 6 6 . 16 16 17 6 8 1 . 1 7 9 14 14 Average Corruption 6 | . . . . 2 3 2 6 6 7 6 3 . 5 16 16 4 4 1 . 1 5 6 7 8 Corruption Purged 28 | . . . . . . . . . 3 . 6 . . . . 2 7 1 . . . 9 . . Effects 835 | . . . . 16 35 43 14 66 99 15 17 . 24 43 132 45 41 1 . 1 35 70 94 44 Message Errors 150 | . . . . 4 5 12 4 14 15 5 5 . 5 11 19 13 11 1 . 1 2 10 9 4 Matter Fused 144 | . . . . . 9 7 2 15 20 2 1 . 2 11 24 7 8 . . . 6 10 12 8 Heat Flow Errors 68 | . . . . 1 3 2 3 5 12 1 . . 1 2 11 2 4 . . . 7 1 11 2 Energy Discharges 72 | . . . . 1 4 4 1 5 8 2 1 . 4 6 9 2 3 . . . 7 5 7 3 Parts Rejected 10 | . . . . . 1 . . 1 1 1 . . . . 2 1 . . . . . 1 . 2 Data Loss (minor) 92 | . . . . 6 7 6 1 9 10 1 6 . 2 4 5 4 8 . . . 3 7 6 7 Data Loss (major) 21 | . . . . . . . 2 3 2 . 1 . . 1 2 1 2 . . . . 1 4 2 Misfires 19 | . . . . . . . 1 4 3 1 . . . . 1 . 1 . . . . 4 3 1 Alerts 3 | . . . . . . . . . . . . . . . 2 . . . . . . . . 1 Misdirections 22 | . . . . . . . . . . . . . . 5 12 . . . . . . . 4 1 Targeting Errors 189 | . . . . 2 5 10 . 9 24 2 3 . 9 3 32 12 3 . . . 8 26 30 11 Weapon Failures 45 | . . . . 2 1 2 . 1 4 . . . 1 . 13 3 1 . . . 2 5 8 2 Overload Shots 2 | . . . . . . . . . . . . . . . . . . . . . . . . 2 Effects 1 | . . . . . . . . . . . . . . . . . . . . . . . . 1 Heat Surge 1 | . . . . . . . . . . . . . . . . . . . . . . . . 1 Overflow Damage 260 | . . . . . . . . . . . . . 156 . . 27 . . . 55 . . . 22 Projectiles 81 | . . . . . . . . . . . . . 12 . . . . . . 55 . . . 14 Explosions 179 | . . . . . . . . . . . . . 144 . . 27 . . . . . . . 8 Melee . | . . . . . . . . . . . . . . . . . . . . . . . . . Knockbacks . | . . . . . . . . . . . . . . . . . . . . . . . . . Impact . | . . . . . . . . . . . . . . . . . . . . . . . . . Kinetic . | . . . . . . . . . . . . . . . . . . . . . . . . . Secondary . | . . . . . . . . . . . . . . . . . . . . . . . . . Self-Inflicted Damage 255 | . . . . . . 16 . . 8 . . . 147 . . . . . . . . 69 . 15 Shots 8 | . . . . . . 1 . . 1 . . . 3 . . . . . . . . 1 . 2 Rammed 3 | . 1 . 1 . . 1 . . . . . . . . . . . . . . . . . . Targets Rammed 5 | . 1 . 1 . . 3 . . . . . . . . . . . . . . . . . . Kicked 2 | . . . . . . 2 . . . . . . . . . . . . . . . . . . Crushed . | . . . . . . . . . . . . . . . . . . . . . . . . . Highest Temperature 384 | . 12 188 26 165 211 317 184 346 381 377 182 366 359 178 292 203 174 . . 111 271 384 305 237 Average Temperature 74 | . 4 56 5 19 27 81 88 101 99 79 82 104 107 76 68 32 57 . . 41 67 113 84 37 Received Heat Transfer 10033 | . 222 915 999 636 645 1029 . 375 542 50 45 315 1554 . 243 438 126 . . 231 159 465 756 288 Effects 11 | . . . . . . . . 2 1 . . 2 2 . . . . . . . 1 1 1 1 Shutdowns 1 | . . . . . . . . . . . . . 1 . . . . . . . . . . . Energy Bleed 5 | . . . . . . . . . 1 . . . 1 . . . . . . . 1 1 . 1 Interference 1 | . . . . . . . . . . . . . . . . . . . . . . . 1 . Matter Decay 2 | . . . . . . . . . . . . 2 . . . . . . . . . . . . Short Circuit 1 | . . . . . . . . 1 . . . . . . . . . . . . . . . . Damage (minor) 1 | . . . . . . . . 1 . . . . . . . . . . . . . . . . Siege Activations 144 | . . . . . . . . 10 15 3 3 10 10 . 9 15 3 . . 5 10 20 20 11 Total Turns 2327 | . . . . . . . . 110 233 46 38 162 268 . 147 208 43 . . 71 176 360 281 184 Longest Duration 48 | . . . . . . . . 21 37 30 16 33 41 . 25 43 29 . . 24 35 48 41 40 Robots Corrupted . | . . . . . . . . . . . . . . . . . . . . . . . . . Combat Hostiles . | . . . . . . . . . . . . . . . . . . . . . . . . . Parts Fried 13 | . . . . . . . . . . 1 . . . . . 1 . . . . 3 5 3 . Impact Corruptions . | . . . . . . . . . . . . . . . . . . . . . . . . . Robots Melted . | . . . . . . . . . . . . . . . . . . . . . . . . . Combat Hostiles . | . . . . . . . . . . . . . . . . . . . . . . . . . Parts Melted 16 | . . . . . 1 . . . . . . . 1 . . . . . . . . 10 4 . Heat Transferred 4782 | . . . . . . . . . . . . . 878 650 . 50 . . . 518 . 1531 1044 111 Parts Sabotaged 2 | . . . . . . . . . . . . . . . . . . . . . . 2 . . Parts Stolen . | . . . . . . . . . . . . . . . . . . . . . . . . . Parts Stripped . | . . . . . . . . . . . . . . . . . . . . . . . . . Power Chain Reactions 3 | . . . . . . . . . . . . . . . . 1 . . . . 1 1 . . Missiles Intercepted . | . . . . . . . . . . . . . . . . . . . . . . . . . Alert | -11 -10 -9 -8 -7 -7 -6 -6 -6 -6 -6 -6 -6 -5 -5 -5 -4 -4 -4 -4 -3 -3 -3 -2 -1 ------- Run | Scr Mat Mat Mat Fac Gar Fac Was Fac Ext Cet Arc Hub Fac Was Fac Fac Upp Upp Zhi Pro Res Tes Res Acc Peak Influence 1325 | . 270 304 814 493 1124 947 323 1038 934 920 440 570 1047 338 273 1227 . . . . 429 939 1325 1189 Initial 794 | . . 35 111 350 333 590 323 86 508 522 316 84 259 338 . 101 . . . . 98 214 528 794 Average 499 | . 127 167 542 377 770 723 255 450 582 709 337 354 685 225 108 671 . . . . 134 557 733 954 Maximum Alert Level 4 | . 1 1 3 2 4 3 1 3 3 3 2 2 3 1 1 4 . . . . 2 3 4 4 Low Security (%) 21 | 100 73 66 2 . . . 33 36 . . . 12 . 52 81 15 . . . . 81 . . . Level 1 17 | . 26 33 13 63 8 . 66 2 . . 56 51 25 47 18 22 . . . . 16 8 . . Level 2 34 | . . . 69 36 21 57 . 34 78 35 43 36 17 . . 2 . . . . 1 76 58 . Level 3 24 | . . . 14 . 65 42 . 26 21 64 . . 57 . . 51 . . . . . 14 32 93 Level 4 1 | . . . . . 4 . . . . . . . . . . 7 . . . . . . 8 6 Level 5 . | . . . . . . . . . . . . . . . . . . . . . . . . . High Security . | . . . . . . . . . . . . . . . . . . . . . . . . . Max Security . | . . . . . . . . . . . . . . . . . . . . . . . . . Squads Dispatched 111 | . 4 5 6 8 . 15 . 9 3 . . 6 10 . 5 7 . . . 1 3 10 11 8 Investigation 19 | . 2 3 2 3 . 1 . 3 1 . . 1 1 . . 1 . . . 1 . . . . Extermination 22 | . . . . 2 . 3 . 1 . . . . . . 1 3 . . . . 2 3 4 3 Reinforcement 30 | . 2 2 2 . . 2 . 3 . . . 4 3 . 2 2 . . . . 1 5 1 1 Assault 23 | . . . 1 . . 4 . . 2 . . . 3 . . 1 . . . . . 2 6 4 Garrison 17 | . . . 1 3 . 5 . 2 . . . 1 3 . 2 . . . . . . . . . Intercept . | . . . . . . . . . . . . . . . . . . . . . . . . . Construction Impeded 7 | . . . . . . 1 . 2 . . . 1 2 . . 1 . . . . . . . . Haulers Reinforced 7 | . . . . . . 1 . 1 . . . 2 1 . . . . . . . 1 . . 1 Stealth | -11 -10 -9 -8 -7 -7 -6 -6 -6 -6 -6 -6 -6 -5 -5 -5 -4 -4 -4 -4 -3 -3 -3 -2 -1 --------- Run | Scr Mat Mat Mat Fac Gar Fac Was Fac Ext Cet Arc Hub Fac Was Fac Fac Upp Upp Zhi Pro Res Tes Res Acc Distress Signals 28 | . 2 2 7 . . . . 3 3 1 . 6 1 . . 2 . . . . . . 1 . Communications Jammed 124 | . . . . . . . . . . . . . . . . . . . . . 39 7 31 47 Distress Signals 123 | . . . . . . . . . . . . . . . . . . . . . 38 7 31 47 Times Spotted 798 | . 24 47 71 29 31 56 . 44 59 15 9 38 49 . 20 55 14 . . 21 39 63 69 45 Peak Tracking Total 11 | . 4 8 6 4 7 6 . 5 5 5 2 9 9 . 5 11 7 . . 10 5 6 8 10 Tactical Retreats 54 | . 3 7 5 1 . 5 . 4 10 1 . 4 1 . 2 4 1 . . 1 2 . 1 2 Traps | -11 -10 -9 -8 -7 -7 -6 -6 -6 -6 -6 -6 -6 -5 -5 -5 -4 -4 -4 -4 -3 -3 -3 -2 -1 ------- Run | Scr Mat Mat Mat Fac Gar Fac Was Fac Ext Cet Arc Hub Fac Was Fac Fac Upp Upp Zhi Pro Res Tes Res Acc Traps Triggered 32 | . 1 2 3 3 5 6 . . . . . 3 3 . 4 1 . . . . . 1 . . Indirectly . | . . . . . . . . . . . . . . . . . . . . . . . . . Trap Hack Attempts . | . . . . . . . . . . . . . . . . . . . . . . . . . Triggered . | . . . . . . . . . . . . . . . . . . . . . . . . . Disarmed . | . . . . . . . . . . . . . . . . . . . . . . . . . Reprogrammed . | . . . . . . . . . . . . . . . . . . . . . . . . . Reused . | . . . . . . . . . . . . . . . . . . . . . . . . . Traps Extracted . | . . . . . . . . . . . . . . . . . . . . . . . . . Installed . | . . . . . . . . . . . . . . . . . . . . . . . . . Triggered . | . . . . . . . . . . . . . . . . . . . . . . . . . Machines | -11 -10 -9 -8 -7 -7 -6 -6 -6 -6 -6 -6 -6 -5 -5 -5 -4 -4 -4 -4 -3 -3 -3 -2 -1 ---------- Run | Scr Mat Mat Mat Fac Gar Fac Was Fac Ext Cet Arc Hub Fac Was Fac Fac Upp Upp Zhi Pro Res Tes Res Acc Machines Disabled 69 | . 1 1 2 . 2 1 . 7 5 4 1 2 10 . 4 16 . . . 1 2 6 1 3 Max in Single Turn 5 | . 1 1 2 . 1 1 . 4 1 2 1 1 5 . 2 4 . . . 1 1 1 1 1 Garrison Access 9 | . . . 1 . . 2 . 1 . . . . 1 . 1 . . . . . . . 3 . Garrison Relay 2 | . . . . . 2 . . . . . . . . . . . . . . . . . . . Energy Cycler 1 | . . . . . . . . . 1 . . . . . . . . . . . . . . . Machines Sabotaged . | . . . . . . . . . . . . . . . . . . . . . . . . . Garrisons Compromised . | . . . . . . . . . . . . . . . . . . . . . . . . . Overloaded Fab Kills . | . . . . . . . . . . . . . . . . . . . . . . . . . Fab Network Shutdowns . | . . . . . . . . . . . . . . . . . . . . . . . . . Hacking | -11 -10 -9 -8 -7 -7 -6 -6 -6 -6 -6 -6 -6 -5 -5 -5 -4 -4 -4 -4 -3 -3 -3 -2 -1 --------- Run | Scr Mat Mat Mat Fac Gar Fac Was Fac Ext Cet Arc Hub Fac Was Fac Fac Upp Upp Zhi Pro Res Tes Res Acc Machines Accessed 94 | . 7 9 11 7 . 4 . 11 4 1 . 3 3 . 4 6 . . 5 1 3 6 8 1 Terminals 65 | . 6 7 9 6 . 2 . 8 4 1 . 3 1 . 3 3 . . . 1 3 4 3 1 Fabricators 2 | . . . . . . . . . . . . . . . . 2 . . . . . . . . Repair Stations 4 | . . . 1 . . . . 1 . . . . 1 . . . . . . . . 1 . . Recycling Units 5 | . 1 1 . . . . . 1 . . . . . . . . . . . . . . 2 . Scanalyzers 3 | . . 1 . . . . . . . . . . . . . 1 . . . . . 1 . . Garrison Access 10 | . . . 1 1 . 2 . 1 . . . . 1 . 1 . . . . . . . 3 . Total Hacks 250 | . 17 26 41 15 . 9 . 27 8 2 . 9 7 . 9 17 . . 15 5 10 10 21 2 Successful 128 | . 10 15 18 2 . 6 . 10 1 . . 3 4 . 5 11 . . 15 5 4 7 12 . Failed 121 | . 7 11 22 13 . 3 . 17 7 2 . 6 3 . 4 6 . . . . 6 3 9 2 Catastrophic 20 | . . 1 4 4 . 1 . 2 . 1 . 1 1 . 1 1 . . . . 2 . . 1 Database Lockouts 1 | . . . 1 . . . . . . . . . . . . . . . . . . . . . Manual 152 | . 14 20 33 6 . 3 . 20 4 1 . 7 5 . 7 8 . . . . 6 5 11 2 Terminals 183 | . 15 21 37 13 . 5 . 22 8 2 . 9 4 . 7 9 . . . 5 10 7 7 2 Fabricators 4 | . . . . . . . . . . . . . . . . 4 . . . . . . . . Repair Stations 6 | . . . 1 . . . . 2 . . . . 1 . . . . . . . . 2 . . Recycling Units 15 | . 2 3 . . . . . 2 . . . . . . . . . . . . . . 8 . Scanalyzers 7 | . . 2 . . . . . . . . . . . . . 4 . . . . . 1 . . Garrison Access 20 | . . . 3 2 . 4 . 1 . . . . 2 . 2 . . . . . . . 6 . Terminal Hacks 59 | . 5 6 11 1 . 1 . 2 1 . . 2 1 . . 4 . . 15 5 3 2 . . Record 9 | . . . . . . 1 . . . . . . . . . . . . 3 5 . . . . Part Schematic 5 | . . . . 1 . . . . . . . . . . . . . . 4 . . . . . Robot Analysis 11 | . 4 . 2 . . . . . . . . . . . . . . . 4 . 1 . . . Prototype ID Bank 6 | . . . 2 . . . . . . . . . . . . . . . 4 . . . . . Open Door 2 | . . . . . . . . . 1 . . . . . . . . . . . . 1 . . Level Access Points 4 | . . 1 1 . . . . . . . . 1 . . . . . . . . . 1 . . Branch Access Points 3 | . . . . . . . . 1 . . . . . . . 1 . . . . 1 . . . Terminal Index 7 | . 1 1 1 . . . . 1 . . . . 1 . . 1 . . . . 1 . . . Fabricator Index 1 | . . . . . . . . . . . . . . . . 1 . . . . . . . . Unreport Threat 2 | . . 2 . . . . . . . . . . . . . . . . . . . . . . Locate Traps 1 | . . . 1 . . . . . . . . . . . . . . . . . . . . . Recall Investigation 1 | . . . 1 . . . . . . . . . . . . . . . . . . . . . Recall Reinforcements 1 | . . . . . . . . . . . . 1 . . . . . . . . . . . . Recall Assault 1 | . . . . . . . . . . . . . . . . 1 . . . . . . . . Hauler Manifests 1 | . . 1 . . . . . . . . . . . . . . . . . . . . . . Zone Layout 4 | . . 1 3 . . . . . . . . . . . . . . . . . . . . . Fabricator Hacks 2 | . . . . . . . . . . . . . . . . 2 . . . . . . . . Load Schematic 1 | . . . . . . . . . . . . . . . . 1 . . . . . . . . Build 1 | . . . . . . . . . . . . . . . . 1 . . . . . . . . Repair Station Hacks 4 | . . . . . . . . 2 . . . . . . . . . . . . . 2 . . Scan Component 2 | . . . . . . . . 1 . . . . . . . . . . . . . 1 . . Repair 2 | . . . . . . . . 1 . . . . . . . . . . . . . 1 . . Recycling Unit Hacks 4 | . . 1 . . . . . . . . . . . . . . . . . . . . 3 . Report Inventory 3 | . . 1 . . . . . . . . . . . . . . . . . . . . 2 . Retrieve Components 1 | . . . . . . . . . . . . . . . . . . . . . . . 1 . Scanalyzer 6 | . . 2 . . . . . . . . . . . . . 3 . . . . . 1 . . Insert Component 3 | . . 1 . . . . . . . . . . . . . 1 . . . . . 1 . . Analyze 3 | . . 1 . . . . . . . . . . . . . 2 . . . . . . . . Garrison Access Hacks 17 | . . . 1 1 . 4 . 1 . . . . 2 . 2 . . . . . . . 6 . Unlock Access 2 | . . . . 1 . . . . . . . . 1 . . . . . . . . . . . Seal Access 8 | . . . 1 . . 2 . 1 . . . . . . 1 . . . . . . . 3 . Coupler Status 7 | . . . . . . 2 . . . . . . 1 . 1 . . . . . . . 3 . Unauthorized Hacks 36 | . 5 6 6 . . 1 . 5 . . . 1 1 . 3 2 . . . . 1 2 3 . Terminals 29 | . 3 4 5 . . 1 . 4 . . . 1 1 . 3 2 . . . . 1 2 2 . Track 9 | . . 1 1 . . . . 2 . . . . . . 1 1 . . . . . 1 2 . Botnet 20 | . 3 3 4 . . 1 . 2 . . . 1 1 . 2 1 . . . . 1 1 . . Fabricators . | . . . . . . . . . . . . . . . . . . . . . . . . . Repair Stations 1 | . . . 1 . . . . . . . . . . . . . . . . . . . . . Mechanics 1 | . . . 1 . . . . . . . . . . . . . . . . . . . . . Recycling Units 6 | . 2 2 . . . . . 1 . . . . . . . . . . . . . . 1 . Recyclers 3 | . 1 1 . . . . . . . . . . . . . . . . . . . . 1 . Tunnel 3 | . 1 1 . . . . . 1 . . . . . . . . . . . . . . . . Scanalyzers . | . . . . . . . . . . . . . . . . . . . . . . . . . Garrison Access . | . . . . . . . . . . . . . . . . . . . . . . . . . Data Cores Recovered . | . . . . . . . . . . . . . . . . . . . . . . . . . Used . | . . . . . . . . . . . . . . . . . . . . . . . . . Hacking Detections 81 | . 6 8 10 7 . 4 . 9 4 2 . 3 3 . 3 5 . . . 1 3 5 7 1 Full Trace Events 10 | . . . 1 3 . . . 2 1 . . 1 . . . 1 . . . 1 . . . . Feedback Events . | . . . . . . . . . . . . . . . . . . . . . . . . . Feedback Blocked . | . . . . . . . . . . . . . . . . . . . . . . . . . Robot Schematics Acquired . | . . . . . . . . . . . . . . . . . . . . . . . . . Robots Built . | . . . . . . . . . . . . . . . . . . . . . . . . . Matter . | . . . . . . . . . . . . . . . . . . . . . . . . . Time . | . . . . . . . . . . . . . . . . . . . . . . . . . Total Robot Build Rating . | . . . . . . . . . . . . . . . . . . . . . . . . . Part Schematics Acquired 7 | . . 1 . 1 . . . . . . . . . . . 1 . . 4 . . . . . Parts Built 2 | . . . . . . . . . . . . . . . . 2 . . . . . . . . Matter 234 | . . . . . . . . . . . . . . . . 234 . . . . . . . . Time 58 | . . . . . . . . . . . . . . . . 58 . . . . . . . . Total Part Build Rating 14 | . . . . . . . . . . . . . . . . 14 . . . . . . . . Parts Repaired 2 | . . . . . . . . 1 . . . . . . . . . . . . . 1 . . Time 129 | . . . . . . . . 95 . . . . . . . . . . . . . 34 . . Parts Recycled . | . . . . . . . . . . . . . . . . . . . . . . . . . Recycled Matter . | . . . . . . . . . . . . . . . . . . . . . . . . . Retrieved Matter . | . . . . . . . . . . . . . . . . . . . . . . . . . Retrieved Components 9 | . . . . . . . . . . . . . . . . . . . . . . . 9 . Parts Scanalyzed 2 | . . 1 . . . . . . . . . . . . . 1 . . . . . . . . Part Schematics Acquired 2 | . . 1 . . . . . . . . . . . . . 1 . . . . . . . . Parts Damaged . | . . . . . . . . . . . . . . . . . . . . . . . . . Bothacking | -11 -10 -9 -8 -7 -7 -6 -6 -6 -6 -6 -6 -6 -5 -5 -5 -4 -4 -4 -4 -3 -3 -3 -2 -1 ------------ Run | Scr Mat Mat Mat Fac Gar Fac Was Fac Ext Cet Arc Hub Fac Was Fac Fac Upp Upp Zhi Pro Res Tes Res Acc Used RIF Installer 1 | . . . . . 1 . . . . . . . . . . . . . . . . . . . Robots Hacked 23 | . . . . . . 1 . . . . . 2 6 . . . . . . . . . 14 . Non-combat 12 | . . . . . . 1 . . . . . . 3 . . . . . . . . . 8 . Combat 11 | . . . . . . . . . . . . 2 3 . . . . . . . . . 6 . Robot Hacks Applied 33 | . . . . . . 1 . . . . . 2 6 . . . . . . . . . 24 . no_distress 3 | . . . . . . . . . . . . . . . . . . . . . . . 3 . find_chute 2 | . . . . . . 1 . . . . . . 1 . . . . . . . . . . . ignore_repairs 1 | . . . . . . . . . . . . . . . . . . . . . . . 1 . map_walls 3 | . . . . . . . . . . . . . 1 . . . . . . . . . 2 . randomize_corridors 1 | . . . . . . . . . . . . . . . . . . . . . . . 1 . map_earth 1 | . . . . . . . . . . . . . . . . . . . . . . . 1 . find_fabricator 1 | . . . . . . . . . . . . . . . . . . . . . . . 1 . drop_inventory 1 | . . . . . . . . . . . . . . . . . . . . . . . 1 . find_recycling 1 | . . . . . . . . . . . . . . . . . . . . . . . 1 . ignore_parts 2 | . . . . . . . . . . . . . . . . . . . . . . . 2 . find_station 1 | . . . . . . . . . . . . . . . . . . . . . . . 1 . release_backups 1 | . . . . . . . . . . . . . . . . . . . . . . . 1 . find_shortcuts 2 | . . . . . . . . . . . . . . . . . . . . . . . 2 . find_garrison 1 | . . . . . . . . . . . . . 1 . . . . . . . . . . . overload_power 1 | . . . . . . . . . . . . . . . . . . . . . . . 1 . amplify_resonance 2 | . . . . . . . . . . . . . 1 . . . . . . . . . 1 . disable_weapons 2 | . . . . . . . . . . . . 1 . . . . . . . . . . 1 . overwrite_iff 5 | . . . . . . . . . . . . . 2 . . . . . . . . . 3 . formatsys_high 2 | . . . . . . . . . . . . 1 . . . . . . . . . . 1 . Relay Couplers Released 20 | . . . . . 9 . . . . . . . 7 . . . . . . . . 4 . . Machine Destruction 12 | . . . . . 9 . . . . . . . 3 . . . . . . . . . . . Programmers 8 | . . . . . . . . . . . . . 4 . . . . . . . . 4 . . Attached 6 | . . . . . . . . . . . . 1 2 . . . . . . . . . 3 . Robots Rewired 11 | . . . . . . . . . 9 . . . . . . . 2 . . . . . . . Allies Hacked 1 | . . . . . . . . 1 . . . . . . . . . . . . . . . . Hacks Repelled . | . . . . . . . . . . . . . . . . . . . . . . . . . Allies | -11 -10 -9 -8 -7 -7 -6 -6 -6 -6 -6 -6 -6 -5 -5 -5 -4 -4 -4 -4 -3 -3 -3 -2 -1 -------- Run | Scr Mat Mat Mat Fac Gar Fac Was Fac Ext Cet Arc Hub Fac Was Fac Fac Upp Upp Zhi Pro Res Tes Res Acc Total Allies 43 | . . . . . . . 20 . 10 1 . 1 2 . . . 2 . . . . . 4 3 Largest Group 20 | . . . . . . . 20 20 5 2 2 1 2 . . . 2 2 2 2 . . 2 3 Highest-Rated Group 755 | . . . . . . . 755 755 156 244 216 41 76 . . . 98 98 98 98 . . 116 368 Highest-Rated Ally 156 | . . . . . . . 46 46 156 150 128 41 47 . . . 49 49 49 49 . . 69 131 Total Orders 1 | . . . . . . . . . . . . . . . . . . . . . . 1 . . EXPLORE 1 | . . . . . . . . . . . . . . . . . . . . . . 1 . . Ally Attacks 301 | . . . . . . . . 139 45 44 . 8 8 . . . 7 . . 13 . . 27 10 Total Damage 8617 | . . . . . . . . 3449 1455 1215 . 380 200 . . . 239 . . 344 . . 864 471 Kills 57 | . . . . . . . . 25 12 10 . 2 . . . . 2 . . 3 . . 1 2 Allies Corrupted 1 | . . . . . . . . 1 . . . . . . . . . . . . . . . . Allies Melted . | . . . . . . . . . . . . . . . . . . . . . . . . . Intel | -11 -10 -9 -8 -7 -7 -6 -6 -6 -6 -6 -6 -6 -5 -5 -5 -4 -4 -4 -4 -3 -3 -3 -2 -1 ------- Run | Scr Mat Mat Mat Fac Gar Fac Was Fac Ext Cet Arc Hub Fac Was Fac Fac Upp Upp Zhi Pro Res Tes Res Acc Robot Analysis Total 11 | . 4 . 2 . . . . . . . . . . . . . . . 4 . 1 . . . Derelict Logs Recovered 5 | . . . . . . . . . . . . . . . . . 2 3 . . . . . . Drone Launches 2 | . . . . . . . . . . . . . . . . . . . . . . 2 . . Drone Recoveries 2 | . . . . . . . . . . . . . . . . . . . . . . 2 . . Exploration | -11 -10 -9 -8 -7 -7 -6 -6 -6 -6 -6 -6 -6 -5 -5 -5 -4 -4 -4 -4 -3 -3 -3 -2 -1 ------------- Run | Scr Mat Mat Mat Fac Gar Fac Was Fac Ext Cet Arc Hub Fac Was Fac Fac Upp Upp Zhi Pro Res Tes Res Acc Turns Passed 32047 | 52 1119 1695 2436 1294 1377 2484 601 1864 2233 492 737 522 706 842 1751 1397 1593 726 324 849 1336 1899 2231 1487 Spaces Moved 13928 | 43 660 816 1041 570 603 1094 360 970 1008 237 200 150 196 469 776 544 536 403 168 377 541 681 899 586 Core 6 | 5 . . . . . 1 . . . . . . . . . . . . . . . . . . Treads 11834 | 3 136 38 684 570 603 828 231 970 1008 237 200 150 196 469 776 544 536 403 168 377 541 681 899 586 Legs 394 | . . . . . . 265 129 . . . . . . . . . . . . . . . . . Wheels 1694 | 35 524 778 357 . . . . . . . . . . . . . . . . . . . . . Hover . | . . . . . . . . . . . . . . . . . . . . . . . . . Flight . | . . . . . . . . . . . . . . . . . . . . . . . . . Fastest Speed 50 | 50 90 150 150 158 178 150 150 160 163 160 160 160 160 160 160 160 180 180 180 180 152 152 165 157 Average Speed 168 | 86 134 153 171 167 183 186 156 160 163 161 160 160 160 164 177 174 180 180 180 180 172 169 167 169 Slowest Speed 1700 | 160 200 220 183 183 186 1700 180 165 210 183 160 160 160 180 180 180 180 180 210 180 186 186 172 190 Overloaded Moves . | . . . . . . . . . . . . . . . . . . . . . . . . . Propulsion Burnouts . | . . . . . . . . . . . . . . . . . . . . . . . . . Robots Hopped . | . . . . . . . . . . . . . . . . . . . . . . . . . Cave-ins Triggered 1 | . . . . . . . . . . . . . . . . . . . . . . . . 1 Exploration Rate (%) 52 | 3 92 75 93 18 74 31 94 34 96 68 88 27 8 97 21 17 77 61 62 54 16 60 26 17 Regions Visited 24 Branch Regions 9 Pre-discovered Areas 4 | . 1 1 . . . . . 1 . . . . . . . . . 1 . . . . . . Known Exits Taken 8 | . . 1 1 1 . . . 1 . . . 1 . . . 1 . . . . 1 1 . . Unknown Exits Taken 11 | 1 1 . . . . . . . 1 1 1 . . . 1 . 1 1 1 1 . . 1 . Scrap Searched 9 | . . . . . . . . . . . . . . . . . 4 1 . 4 . . . . Spaces Dug 237 | . . . . . . 62 . . 113 . . . 9 . 1 . . . . 2 . 1 14 35 Terrain Destroyed 899 | . . . 14 . 7 67 . 28 148 6 11 27 51 . 103 125 5 . . 15 12 38 109 133 Melee . | . . . . . . . . . . . . . . . . . . . . . . . . . Projectile 515 | . . . . . 1 . . 5 14 6 11 27 17 . 103 98 5 . . 15 5 23 109 76 AOE 384 | . . . 14 . 6 67 . 23 134 . . . 34 . . 27 . . . . 7 15 . 57 Terrain Rammed . | . . . . . . . . . . . . . . . . . . . . . . . . . Walls Destroyed . | . . . . . . . . . . . . . . . . . . . . . . . . . Machines Disabled . | . . . . . . . . . . . . . . . . . . . . . . . . . Actions | -11 -10 -9 -8 -7 -7 -6 -6 -6 -6 -6 -6 -6 -5 -5 -5 -4 -4 -4 -4 -3 -3 -3 -2 -1 --------- Run | Scr Mat Mat Mat Fac Gar Fac Was Fac Ext Cet Arc Hub Fac Was Fac Fac Upp Upp Zhi Pro Res Tes Res Acc Total 19776 | 55 800 1046 1436 782 735 1336 405 1185 1402 311 586 347 403 523 1016 826 1129 404 190 473 787 1215 1456 928 Wait 2654 | 2 44 53 156 84 1 47 5 126 162 19 356 128 60 . 88 128 561 . . 22 90 218 225 79 Move 13904 | 42 659 815 1040 569 601 1094 359 969 1007 236 199 149 196 468 775 543 535 402 167 376 540 680 898 585 Hop . | . . . . . . . . . . . . . . . . . . . . . . . . . Pick Up 389 | 5 22 30 35 19 17 26 12 12 17 7 4 8 13 11 24 18 1 . 2 5 24 32 27 18 Fast Attach 246 | 5 8 3 9 3 2 5 4 9 14 6 4 7 5 12 15 13 4 1 10 4 15 36 33 19 Attach 251 | 1 2 16 16 14 18 27 4 3 12 3 1 8 22 2 8 16 2 . 1 8 11 22 13 21 Detach 44 | . . . . . . 1 3 . 2 4 . . 4 1 1 3 . . . . 2 6 6 11 Swap 179 | . . . 6 1 4 10 1 4 17 3 2 4 2 3 10 8 . . . 2 6 22 46 28 Drop 372 | . 15 14 32 8 2 4 17 20 19 15 7 6 6 11 30 13 4 1 10 6 13 50 51 18 Fire 1633 | . 49 115 141 80 82 110 . 42 86 18 13 36 95 15 59 84 18 . . 49 86 149 157 149 Melee . | . . . . . . . . . . . . . . . . . . . . . . . . . Ram 1 | . 1 . . . . . . . . . . . . . . . . . . . . . . . Kick 2 | . . . . . . 2 . . . . . . . . . . . . . . . . . . Crush 2 | . . . 1 . . 1 . . . . . . . . . . . . . . . . . . Escape Stasis 23 | . . . . 4 8 5 . . . . . . . . 6 . . . . . . . . . Rewire 76 | . . . . . . 4 . . 66 . . 1 . . . . 4 . . 1 . . . . Trap . | . . . . . . . . . . . . . . . . . . . . . . . . . Miscellaneous . | . . . . . . . . . . . . . . . . . . . . . . . . . Route ------- -11/Scrapyard -10/Materials (discovered 3 exits: *Mat x2 / [*Min]) -9/Materials (discovered 6 exits: *Mat x3 / [*Min x2] / [*Sto]) -8/Materials (discovered 3 exits: *Fac x3) -7/Factory (discovered 2 exits: *Fac / Gar) -7/Garrison (discovered 3 exits: *Fac x3) -6/Factory -6/Waste -6/Factory (discovered 5 exits: *Fac / *Low x2 / *Ext x2) -6/Extension (discovered 3 exits: *Fac x2 / *Cet) -6/Cetus (discovered 2 exits: *Fac / *Arc) -6/Archives (discovered 3 exits: *Fac / *Hub x2) -6/Hub_04(d) (discovered 4 exits: *Fac x4) -5/Factory -5/Waste -5/Factory -4/Factory (discovered 2 exits: *Upp x2) -4/Upper Caves -4/Upper Caves (discovered 2 exits: *Res / *Zhi) -4/Zhirov -3/Proximity Caves -3/Research (discovered 3 exits: Arm / *Tes x2) -3/Testing -2/Research -1/Access (discovered 2 exits: *Sur / Com) To Epsilon Eridani History --------- Turn | Location | Event 3 | -11/Scrapyard | Discovered new exit (range 15) 53 | -11/Scrapyard | Entered Materials 288 | -10/Materials | Discovered new exit (range 15) 318 | -10/Materials | Build established: Mutant 502 | -10/Materials | Discovered new exit (range 11) 928 | -10/Materials | Discovered new exit (range 16) 1172 | -10/Materials | Entered another Materials area 1172 | -9/Materials | Evolved 2 slots: Utility x2 1196 | -9/Materials | Discovered new exit (range 11) 1470 | -9/Materials | Build established: Hauler-Mutant 1573 | -9/Materials | Discovered new exit (range 12) 1627 | -9/Materials | Discovered new exit (range 11) 1804 | -9/Materials | Discovered new exit (range 8) 2010 | -9/Materials | Core integrity fell below 50% 2281 | -9/Materials | Lost 3 parts (1p1n1w) 2552 | -9/Materials | Identified exit to Materials 2867 | -9/Materials | Entered another Materials area 2867 | -8/Materials | Evolved 2 slots: Propulsion x1, Utility x1 2981 | -8/Materials | Garrison activated, responded to threat 3570 | -8/Materials | Discovered new exit (range 16) 3667 | -8/Materials | First assault squad dispatched 4439 | -8/Materials | Discovered new exit (range 8) 5189 | -8/Materials | Discovered new exit (range 6) 5189 | -8/Materials | Identified exit to Factory 5272 | -8/Materials | Central database locked down 5303 | -8/Materials | Entered Factory 5303 | -7/Factory | Evolved 2 slots: Propulsion x1, Utility x1 5579 | -7/Factory | Lost 4 parts (1p2n1u) 6061 | -7/Factory | Discovered new exit (range 7) 6272 | -7/Factory | Garrison activated, responded to threat 6331 | -7/Factory | Lost 3 parts (1p1n1w) 6596 | -7/Factory | Identified exit to Garrison 6597 | -7/Factory | Entered Garrison 6690 | -7/Garrison | Triggered checkpoint 6740 | -7/Garrison | Garrison Relay disabled 6856 | -7/Garrison | Triggered checkpoint 6875 | -7/Garrison | Triggered checkpoint 6882 | -7/Garrison | Core integrity fell below 50% 6894 | -7/Garrison | Triggered checkpoint 6963 | -7/Garrison | Lost 8 parts (1p4n1u2w) 7076 | -7/Garrison | Discovered new exit (range 14) 7252 | -7/Garrison | Triggered checkpoint 7365 | -7/Garrison | Garrison Relay disabled 7409 | -7/Garrison | Discovered new exit (range 21) 7504 | -7/Garrison | Lost 3 parts (1p1n1w) 7600 | -7/Garrison | Triggered checkpoint 7601 | -7/Garrison | Core integrity fell below 20% 7810 | -7/Garrison | Triggered checkpoint 7900 | -7/Garrison | Discovered new exit (range 20) 7906 | -7/Garrison | Triggered checkpoint 7959 | -7/Garrison | Installed Relay Interface Framework 7974 | -7/Garrison | Entered Factory 7974 | -6/Factory | Evolved 2 slots: Weapon x2 8183 | -6/Factory | Garrison activated, responded to threat 8273 | -6/Factory | Lost 8 parts (1p4n1u2w) 8532 | -6/Factory | Garrison activated, responded to threat 8578 | -6/Factory | Build established: Scavenger-Gunner 9374 | -6/Factory | First assault squad dispatched 9413 | -6/Factory | Lost 4 parts (2n2w) 9645 | -6/Factory | Build established: Hauler-Gunner 10163 | -6/Factory | Core integrity fell below 50% 10200 | -6/Factory | Lost 3 parts (3w) 10262 | -6/Factory | Build established: Scavenger-Gunner 10458 | -6/Factory | Sucked down chute 10458 | -6/Factory | Entered Waste 10459 | -6/Waste | Joined by Warlord forces that had cleared the area 10543 | -6/Waste | Found Damper Plating 10644 | -6/Waste | Discovered new exit (range 22) 10701 | -6/Waste | Found Damper Plating 10973 | -6/Waste | Build established: Hauler-Gunner 11059 | -6/Waste | Entered Factory 11059 | -6/Factory | Accompanied by 20 allies 11154 | -6/Factory | Spotted B-75 Beast 11414 | -6/Factory | Discovered new exit (range 10) 11899 | -6/Factory | Discovered new exit (range 19) 12292 | -6/Factory | Identified exit to Lower Caves 12292 | -6/Factory | Identified exit to Extension 12381 | -6/Factory | Garrison activated, responded to threat 12717 | -6/Factory | Repaired Broken Arm. Heavy Treads 12923 | -6/Factory | Entered Extension 13623 | -6/Extension | First assault squad dispatched 13785 | -6/Extension | Spotted B-75 Beast 13807 | -6/Extension | Destroyed B-75 Beast 13817 | -6/Extension | Spotted B-75 Beast 13826 | -6/Extension | Lost 3 parts (1u2w) 13844 | -6/Extension | Destroyed B-75 Beast 13919 | -6/Extension | Discovered new exit (range 3) 14382 | -6/Extension | Lost 3 parts (1u2w) 14583 | -6/Extension | Energy Cycler disabled 14606 | -6/Extension | Rescued A7 14672 | -6/Extension | Discovered new exit (range 13) 14678 | -6/Extension | Discovered new exit (range 10) 14775 | -6/Extension | Build established: Scavenger-Gunner 15149 | -6/Extension | Disrupted transfer network 15156 | -6/Extension | Entered Cetus 15156 | -6/Cetus | Accompanied by 1 ally (A7) 15161 | -6/Cetus | Acquired a Cetus Manufacturing Module code from A7 15178 | -6/Cetus | Spotted Cetus Guard 15178 | -6/Cetus | Spotted Cetus Guard 15180 | -6/Cetus | Spotted Cetus Guard 15181 | -6/Cetus | Spotted Cetus Guard 15186 | -6/Cetus | Destroyed Cetus Guard 15192 | -6/Cetus | Allies destroyed Cetus Guard 15201 | -6/Cetus | Destroyed Cetus Guard 15209 | -6/Cetus | Allies destroyed Cetus Guard 15350 | -6/Cetus | Discovered new exit (range 16) 15486 | -6/Cetus | Started Cetus Manufacturing Module 15511 | -6/Cetus | Manufactured an Enhanced Grunt 15532 | -6/Cetus | Cetus Manufacturing Module disabled 15622 | -6/Cetus | Discovered new exit (range 15) 15648 | -6/Cetus | Entered Archives 15648 | -6/Archives | Accompanied by 2 allies (A7) 15706 | -6/Archives | Core integrity fell below 20% 15769 | -6/Archives | Discovered new exit (range 16) 15793 | -6/Archives | Unable to access archive contents 15850 | -6/Archives | Discovered new exit (range 15) 15898 | -6/Archives | Discovered new exit (range 15) 16385 | -6/Archives | Entered Hub_04(d) 16780 | -6/Hub_04(d) | Build established: Scavenger-Tank 16831 | -6/Hub_04(d) | Identified exit to Factory 16859 | -6/Hub_04(d) | Garrison activated, responded to threat 16907 | -6/Hub_04(d) | Entered Factory 16907 | -5/Factory | Evolved 2 slots: Utility x2 17079 | -5/Factory | Garrison activated, responded to threat 17207 | -5/Factory | First assault squad dispatched 17363 | -5/Factory | Identified exit to Garrison 17471 | -5/Factory | System corruption reached 10% 17510 | -5/Factory | Lost 13 parts (1p2n4u6w) 17613 | -5/Factory | Sucked down chute 17613 | -5/Factory | Entered Waste 17613 | -5/Waste | The area was eerily silent 17651 | -5/Waste | Found Damper Plating 17733 | -5/Waste | Found Damper Plating 17757 | -5/Waste | Found Damper Plating 17865 | -5/Waste | Found Unknown Device 17865 | -5/Waste | Identified Antimissile System 17911 | -5/Waste | Discovered new exit (range 12) 17938 | -5/Waste | Found Damper Plating 17947 | -5/Waste | Build established: Scavenger-Mutant 18455 | -5/Waste | Entered Factory 18533 | -5/Factory | Build established: Hauler-Tank 19240 | -5/Factory | Lost 3 parts (2n1u) 19781 | -5/Factory | Discovered new exit (range 16) 20191 | -5/Factory | Build established: Scavenger-Tank 20206 | -5/Factory | Entered another Factory area 20206 | -4/Factory | Evolved 2 slots: Utility x2 20643 | -4/Factory | Identified exit to Upper Caves 20718 | -4/Factory | Build established: Hauler-Gunner 20819 | -4/Factory | Lost 11 parts (2p2n5u2w) 20822 | -4/Factory | Destroyed 9 combat bots 20956 | -4/Factory | First assault squad dispatched 21063 | -4/Factory | Fabricated Hvy. Siege Treads? 21595 | -4/Factory | Build established: Scavenger-Gunner 21603 | -4/Factory | Entered Upper Caves 21646 | -4/Upper Caves | Attracted the attention of an 0b10 outpost 21727 | -4/Upper Caves | Learned Research garrison access intel 22131 | -4/Upper Caves | Attracted the attention of an 0b10 checkpoint 22554 | -4/Upper Caves | Learned Research emergency access door positions 22559 | -4/Upper Caves | Discovered new exit (range 14) 23196 | -4/Upper Caves | Entered another Upper Caves area 23196 | -4/Upper Caves | Accompanied by 2 allies 23227 | -4/Upper Caves | Discovered new exit (range 5) 23638 | -4/Upper Caves | Learned location of Quarantine (-2) 23652 | -4/Upper Caves | Learned Research stockpile data 23857 | -4/Upper Caves | Learned 8 Research zone layouts 23875 | -4/Upper Caves | Discovered new exit (range 10) 23922 | -4/Upper Caves | Entered Zhirov 23922 | -4/Zhirov | Accompanied by 2 allies 23922 | -4/Zhirov | Discovered new exit (range 3) 23955 | -4/Zhirov | Met Zhirov 24018 | -4/Zhirov | Zhirov requested help retrieving the SGEMP Prototype 24045 | -4/Zhirov | Found Alien Artifact 24079 | -4/Zhirov | Found Alien Artifact 24079 | -4/Zhirov | Identified Integrated Reactor 24079 | -4/Zhirov | Installed Integrated Reactor, increased core energy generation (+10) 24246 | -4/Zhirov | Entered Proximity Caves 24246 | -3/Proximity Caves | Accompanied by 2 allies 24827 | -3/Proximity Caves | Attracted the attention of an 0b10 base 24848 | -3/Proximity Caves | Discovered new exit (range 7) 24942 | -3/Proximity Caves | Destroyed 9 combat bots 24942 | -3/Proximity Caves | Lost 7 parts (2n2u3w) 24945 | -3/Proximity Caves | Learned 8 Research zone layouts 24945 | -3/Proximity Caves | Learned Factory emergency access door positions 24945 | -3/Proximity Caves | Learned Extension emergency access door positions 24945 | -3/Proximity Caves | Learned Research security intel 25095 | -3/Proximity Caves | Entered Research 25095 | -3/Research | Evolved 2 slots: Utility x2 25100 | -3/Research | Loaded intel: 4 garrison access locations 25218 | -3/Research | Spotted B-86 Titan 25256 | -3/Research | Destroyed B-86 Titan 25284 | -3/Research | Lost 3 parts (1n1u1w) 25598 | -3/Research | Build established: Hacker-Gunner 25686 | -3/Research | Lost 3 parts (3w) 25836 | -3/Research | Identified exit to Armory 25836 | -3/Research | Identified exit to Testing 26274 | -3/Research | Build established: Scavenger-Gunner 26326 | -3/Research | Found Prototype Protection 26326 | -3/Research | Identified Centrium Heavy Armor Plating 26431 | -3/Research | Entered Testing 26670 | -3/Testing | Identified Transdimensional Reconstructor 26681 | -3/Testing | First assault squad dispatched 26717 | -3/Testing | Found Prototype Energy Cannon 26717 | -3/Testing | Identified Cld. Nova Cannon 26763 | -3/Testing | Scanned by Researcher 27113 | -3/Testing | Found Prototype Processor 27113 | -3/Testing | Identified Exp. Target Analyzer 27123 | -3/Testing | Found Prototype Device 27123 | -3/Testing | Identified Exp. Weapon Cycler 27144 | -3/Testing | Identified exit to Research 27214 | -3/Testing | Spotted Alpha 7 27301 | -3/Testing | Spotted Striker 27324 | -3/Testing | Spotted Striker 27353 | -3/Testing | Destroyed Striker 27358 | -3/Testing | Destroyed Striker 27379 | -3/Testing | Destroyed Alpha 7 27429 | -3/Testing | Stole the SGEMP Prototype 27742 | -3/Testing | Repaired Adv. Heavy Treads 27791 | -3/Testing | Lost 3 parts (3w) 28151 | -3/Testing | Found Prototype Protection 28151 | -3/Testing | Identified Lgt. Regenerative Plating 28156 | -3/Testing | Found Prototype Protection 28156 | -3/Testing | Identified Hvy. Regenerative Plating 28280 | -3/Testing | Found Prototype Protection 28280 | -3/Testing | Identified SHELL Armor 28330 | -3/Testing | Entered Research 28330 | -2/Research | Evolved 2 slots: Utility x2 28473 | -2/Research | Spotted B-90 Cyclops 28496 | -2/Research | Destroyed B-90 Cyclops 28830 | -2/Research | First assault squad dispatched 29088 | -2/Research | Lost 3 parts (1n2u) 29821 | -2/Research | Spotted B-90 Cyclops 29839 | -2/Research | System corruption reached 10% 30551 | -2/Research | Discovered new exit (range 6) 30561 | -2/Research | Entered Access 30561 | -1/Access | Evolved 2 slots: Utility x2 30562 | -1/Access | Loaded intel: 111 machine locations 30562 | -1/Access | Loaded intel: 74 trap records 30562 | -1/Access | Identified exit to Surface 30562 | -1/Access | Discovered exit to Surface (range 117) 30562 | -1/Access | Identified exit to Command 30562 | -1/Access | Discovered exit to Command (range 94) 30562 | -1/Access | Delivered the SGEMP Prototype to Zhirov 30562 | -1/Access | Zhirov transferred Access data 30793 | -1/Access | Zhirov warped through subspace 30811 | -1/Access | First assault squad dispatched 30915 | -1/Access | Spotted B-99 Colossus 30948 | -1/Access | Destroyed B-99 Colossus 30964 | -1/Access | Spotted B-99 Colossus 31000 | -1/Access | Found Prototype Ballistic Gun 31001 | -1/Access | Identified Multirail 31056 | -1/Access | Destroyed B-99 Colossus 31085 | -1/Access | Lost 11 parts (2p1n3u5w) 31108 | -1/Access | Found Multirail 31115 | -1/Access | Found Multirail 31228 | -1/Access | Crushed by falling debris 31703 | -1/Access | Found Prototype Processor 31703 | -1/Access | Identified Exp. Armor Integrity Analyzer 31751 | -1/Access | Found Multirail 31839 | -1/Access | System corruption reached 10% 32048 | *** | Escaped! Last Messages --------------- 31946_ Slug penetrates Reinforced Barrier. 31949_ P-80 Master destroyed. 31949_ Slug penetrates Reinforced Barrier. 31951_ System corrupted: Energy discharge (-51). 31953_ Acquired 62 matter. 31953_ Acquired 67 matter. 31959_ Ended siege mode. 31963_ Acquired Unknown Reactor. 31971_ UAPKGJWXWAUV69H3OB/T|%HQWE7QC 31988_ MR5#MHA5QW# TFY&58RY /7WUPU 32005_ System corrupted: Matter fused (-7). 32022_ System corrupted: IFF burst signal emitted. 32037_ Overload: Heat surge (+146). 32037_ Sealed Barrier breached. 32040_ System corrupted: Cld. Nova Cannon targeting data glitched. 32040_ Main Access Shell breached. 32042_ C-30 ARC bursts open, deploying its payload. 32042_ G-73 Enforcer unfolds itself. 32042_ I-47 Archangel unfolds itself. [Achievement: 50k Club] Map ----- +----------------------------------------------------+ | # # + """"""##### # ## | | #### ###### # "" ##### # ## | | ## # "" ##### # ## | | ## ## # ##### " "" # ## | | " = # #####""" "" # ## | | # [ # ##### """ "" + ## | | # = ################## " S # ## | | # | ################## "" # ## | | # ################## "" # ## | | # ################## "" # ## | | # ################## + ## | | # # ################## # ## | | ########### ############################### ## | | ########### ############################### # | | ##########!]############################### # | | ###########!!############################### # | | ###########!!############################### # | | ########### ############################### # | | ########### ############################### # | | ########### #"####################### + | | ########### "" """ """" ### # | | ########### "" """ """" ### # | | ########### " """""" """" ### ## | | ########### " " " """" | | ########### " " "" " """" | | ########### " " @" " """" | | ########### " " " """" | | ########### " "g"""" """" ####+#### | | ## % g """" # | | ## " i """" # | | ## ##### "#####"############### | | ## #### !### ############### " | | ## ####### ####"############### """" | | ## # [[!![ ############### """"" | | ## # ! !* ############### """" | | ## + ! = ############### """" | | #######+### # ############### " | | #! ############### | | # ############### | | #######+### ######+#####+################ | | ## # ###### ##### ######################## | | ## # ###### ##### ## ############# | | ## # ###### ##### ## ############# | | ## # ###### ##### ## ############# | | ## + # ############# | | ## # + " ############# | | ## ######+####### # """ ############# | | ## # # # """ ############# | | ## # + + " ############# | | ########### ###+####################### | +----------------------------------------------------+ Best States ------------- Heat Dissipation 105 Coolant Potential 100 Energy Generation 35 Energy Capacity 1095 Matter Stores 300 Matter Capacity 600 Sight Range 22 Terrain Scan Density 135 Jamming Range 14 Power Amplification 30 Base Temperature (-) 200 Corruption Prevention 12 Armor Coverage 3000 Resistance: TH 30 Resistance: EM 90 Power Shielding 90 Propulsion Shielding 66 Utility Shielding 66 Weapon Cycling 30 Evasion (%) 44 Targeting Accuracy 24 Target Analysis 12 Core Analysis 10 Armor Integrity Analysis 90 Recoil Reduction 10 Particle Charging 20 Kinecelleration 40 Offensive Hacking 25 Defensive Hacking 11 Relay Coupler Types 25 Relay Coupler Value 2 Item Schematics ----------------- Imp. Light Armor Plating | -9/Materials | Scanalyzed Arm. Medium Treads | -7/Factory | Hacked Hvy. Siege Treads | -4/Factory | Scanalyzed Imp. Arc Thrower | -4/Zhirov | Free Exp. Optical Array | -4/Zhirov | Free Exp. Heat Sink | -4/Zhirov | Free Assault Drone Bay | -4/Zhirov | Free Robot Schematics ------------------ None Fabricated ------------ Hvy. Siege Treads | x2 | -4/Factory Alien Tech Used ----------------- Integrated Reactor Achievements -------------- 50k Club Below Giant Slayer Project G-00 Special Delivery Total Silence We Are Legion Challenges ------------ None Game ------ Seed GravmagRecoilShifter Manual? 0 Play Time 06:55:16 Cumulative 94.5 hours Start 2021.06.05 @ 08:24:53 End 2021.06.06 @ 04:27:46 Sessions 9 Manual Loads 0 Difficulty Rogue Special Mode None Game No. 19 Rogue 3 Adventurer 16 Explorer 0 Win Type 0 Total 5 Types 4/0/0/1/0/0/0/0/0 Lore% 53 Gallery% 55 Achievement% 53 Wizard Run 0 Options --------- ASCII 0 Keyboard 0 Movement Arrows Keybinds 0 Fullscreen 1 Font 28/Dina Map View 72x54 Tactical HUD 1 Map Filters NONE Filters NONE Steam 1 RUN: bdd499e2-adf5-4d7c-b964-d3ffb4763133